 Dungeon Crawl Stone Soup version 0.30.1-11-g7821555f0a (webtiles) character file.

Game seed: 17737670889918941623

118 Cheops the Digger (level 4, -3/24 HPs)
             Began as a Deep Elf Earth Elementalist on Dec 22, 2023.
             Slain by Grinder (6 damage)
             ... on level 3 of the Dungeon.
             The game lasted 00:04:56 (1550 turns).

Cheops the Digger (Deep Elf Earth Elementalist)     Turns: 1550, Time: 00:04:56

Health: -3/24      AC:  3    Str:  5    XL:     4   Next: 72%
Magic:  9/12       EV: 12    Int: 28    God:
Gold:   82         SH:  5    Dex: 15    Spells: 1/11 levels left

rFire   . . .        a - +0 dagger (venom)
rCold   . . .        (no shield)
rNeg    . . .        i - +0 robe
rPois   .            r - +1 hat
rElec   .            (no cloak)
rCorr   .            (no gloves)
SInv    .            (no boots)
Will    .....        n - amulet of reflection
Stlth   ++           c - +6 ring of intelligence
HPRegen 0.24/turn    (no ring)
MPRegen 0.13/turn

%: reflection
@: no status effects
A: no striking features
a: no special abilities


You were on level 3 of the Dungeon.
You visited 1 branch of the dungeon, and saw 3 of its levels.

You collected 82 gold pieces.

Inventory:

Hand Weapons
 a - a +0 dagger of venom (weapon)
Armour
 i - a +0 robe (worn)
 r - a +1 hat (worn)
Jewellery
 c - a +6 ring of intelligence (left hand)
 n - an amulet of reflection (around neck)
Wands
 m - a wand of polymorph (8)
Scrolls
 e - a scroll of identify {unknown}
 f - a scroll of brand weapon {unknown}
 g - a scroll of magic mapping {unknown}
 j - 2 scrolls of fear {unknown}
 k - a scroll of teleportation {unknown}
 q - a scroll of noise {unknown}
 s - a scroll of immolation {unknown}
Potions
 b - 2 potions of magic
 d - 2 potions of heal wounds {unknown}
 h - 2 potions of brilliance {unknown}
 l - a potion of invisibility {unknown}
 o - a potion of attraction {unknown}
 p - a potion of haste {unknown}


   Skills:
 - Level 2.4 Dodging
 - Level 2.4 Stealth
 - Level 4.0 Spellcasting
 * Level 1.3 Conjurations
 - Level 1.1 Transmutations
 + Level 5.3 Earth Magic


You had one spell level left.
You knew the following spells:

 Your Spells              Type           Power      Damage    Failure   Level
a - Sandblast             Erth           70%        2d15      1%          1
b - Stone Arrow           Conj/Erth      48%        3d10      5%          3
i - Iskenderun's Mystic   Conj/Tloc      9%         2d4       50%         4
P - Passwall              Tmut/Erth      19%        N/A       3%          2

Your spell library contained the following spells:

 Spells                   Type           Power      Damage    Failure   Level
 Dazzling Flash           Conj/Hex       18%        N/A       17%         3
 Petrify                  Tmut/Erth      23%        N/A       21%         4
 Volatile Blastmotes      Fire/Tloc      10%        2d10      22%         3
 Starburst                Conj/Fire      4%         6d4       100%        6


Dungeon Overview and Level Annotations

Branches:
Dungeon (3/15)

Altars:
Kikubaaqudgha

Shops:
D:2 (

Annotations:
D:3 Grinder


Message History

Grinder is lightly wounded.
Grinder gestures at you. Pain shoots through your body!
Casting: Sandblast (safe; 1% risk of failure)
Confirm with . or Enter, or press ? or * to list all spells.
Aiming: Sandblast (safe; 1% risk of failure)
Press: ? - help, Shift-Dir - straight line, f/p - Grinder
Aim: Grinder (lightly wounded, 82% to hit)
The blast of sand misses Grinder.
Grinder blinks!
HP restored.
Grinder is nearby!
Casting: Sandblast (safe; 1% risk of failure)
Confirm with . or Enter, or press ? or * to list all spells.
Aiming: Sandblast (safe; 1% risk of failure)
Press: ? - help, Shift-Dir - straight line, f/p - Grinder
Aim: Grinder (lightly wounded, 82% to hit)
The blast of sand hits Grinder.
Grinder is lightly wounded.
Grinder gestures at you.
You suddenly lose the ability to move!
Grinder hits you.
You writhe in agony.
Grinder hits you!
* * * LOW HITPOINT WARNING * * *
You writhe in agony.
* * * LOW HITPOINT WARNING * * *
You can move again.
Unknown command.
Unknown command.
Unknown command.
Casting: Sandblast (safe; 1% risk of failure)
Confirm with . or Enter, or press ? or * to list all spells.
Aiming: Sandblast (safe; 1% risk of failure)
Press: ? - help, Shift-Dir - straight line, f/p - Grinder
Aim: Grinder (lightly wounded, 82% to hit)
The blast of sand hits Grinder!
Grinder is moderately wounded.
Grinder hits you.
* * * LOW HITPOINT WARNING * * *
You writhe in agony.
You die...

....... .......#
........ . ....5. .
....# ..##. #..#
......##..####
............5@# ..
...........#### ...
#.........#######
..###...............#
..............#####.#
..............#####
....................
.............#######
.....[.......###


You could see Grinder.

Vanquished Creatures
  An orc priest (D:3)
  Robin (D:2)
  An adder (D:2)
  3 dart slugs
  7 ball pythons
  2 bats
  4 endoplasms
  3 giant cockroaches
  8 goblins
  7 hobgoblins
  4 jackals (D:1)
  3 kobolds
  4 quokkas
  2 frilled lizards (D:1)
  7 rats
57 creatures vanquished.

Notes
Turn   | Place    | Note
-------+----------+-------------------------------------------
     0 | D:1      | Cheops the Deep Elf Earth Elementalist began the quest for
                  | the Orb.
     0 | D:1      | Reached XP level 1. HP: 10/10 MP: 6/6
   117 | D:1      | Reached XP level 2. HP: 15/15 MP: 6/9
   333 | D:1      | Reached skill level 4 in Earth Magic
   471 | D:1      | Reached XP level 3. HP: 19/19 MP: 7/10
   474 | D:1      | Learned a level 2 spell: Passwall
   478 | D:1      | Learned a level 3 spell: Stone Arrow
   760 | D:2      | Found Miemmyh's Antique Weapon Shop.
  1019 | D:2      | Found an ancient bone altar of Kikubaaqudgha.
  1113 | D:2      | Reached XP level 4. HP: 24/24 MP: 10/12
  1118 | D:2      | Learned a level 4 spell: Iskenderun's Mystic Blast
  1145 | D:2      | Reached skill level 5 in Earth Magic
  1166 | D:2      | Noticed Robin
  1168 | D:2      | Killed Robin
  1443 | D:3      | Reached skill level 1 in Conjurations
  1535 | D:3      | Noticed Grinder
  1545 | D:3      | Paralysed by Grinder for 5 turns
  1550 | D:3      | Slain by Grinder

Illustrated notes

Levels and vault maps discovered:
D:1:      mrwooster_arrival_statue, layout_rooms
D:2:      layout_basic, basic_altar, serial_shops, nicolae_shop_statue_plus,
          uniq_robin
D:3:      layout_basic, uniq_terence, uniq_grinder

Skill      XL: |  1  2  3  4 |
---------------+-------------+-----
Spellcasting   | 4 |  4.0
Earth Magic    | 4 5 |  5.3
Conjurations   | 1 |  1.3
Dodging        | |  2.4
Stealth        | |  2.4
Transmutations | |  1.1

Action                     |  1- 3 |  4- 6 || total
---------------------------+-------+-------++-------
   Cast: Sandblast         |    56 |    19 ||    75
 Armour: Robe              |     1 |       ||     1
  Dodge: Dodged            |    15 |     3 ||    18
